 Dungeon Crawl Stone Soup version 0.27.1-2-g3b301248ec (webtiles) character file.

Game seed: 11065928703323111631

8 CuBeRJAN3 the Skirmisher (level 2, 0/19 HPs)
             Began as a Gargoyle Fighter on Oct 5, 2021.
             Slain by a gnoll (3 damage)
             ... on level 1 of the Dungeon.
             The game lasted 00:01:27 (511 turns).

CuBeRJAN3 the Skirmisher (Gargoyle Fighter)          Turns: 511, Time: 00:01:28

Health: 0/19       AC: 12    Str: 19    XL:     2   Next: 8%
Magic:  2/2        EV:  5    Int:  8    God:
Gold:   35         SH:  9    Dex:  9    Spells: 1/1 levels left

rFire    . . .     SeeInvis .   a - +0 flail
rCold    . . .     Faith    .   c - +0 kite shield
rNeg     + . .     Spirit   .   f - +0 chain mail
rPois    ∞         Reflect  .   (no helmet)
rElec    +         Harm     .   (no cloak)
rCorr    .         Rampage  .   (no gloves)
Will     .....                  (no boots)
Stlth    ..........             (no amulet)
HPRegen  0.06/turn              (no ring)
MPRegen  0.08/turn              (no ring)

@: no status effects
A: sickness immunity, AC +2, negative energy resistance 1, electricity
resistance, torment resistance 1, petrification resistance
a: no special abilities


You were on level 1 of the Dungeon.
You visited 1 branch of the dungeon, and saw 1 of its levels.

You collected 35 gold pieces.

Inventory:

Hand Weapons
 a - a +0 flail (weapon)
Armour
 b - a +0 scale mail
 c - a +0 kite shield (worn)
 f - a +0 chain mail (worn)
Scrolls
 e - a scroll of identify {unknown}
Potions
 d - a potion of might


   Skills:
 * Level 3.5 Fighting
 * Level 2.2 Maces & Flails
 + Level 3.3 Armour
 + Level 3.4 Shields


You had one spell level left.
You didn't know any spells.
Your spell library was empty.

Dungeon Overview and Level Annotations

Branches:
Dungeon (1/15)

Altars:


Innate Abilities, Weirdness & Mutations

You are immune to sickness and miasma.
Your stone body is resilient. (AC +2)
You are immune to poison.
You resist negative energy. (rN+)
You are resistant to electric shocks. (rElec)
You are resistant to unholy torment.
You are immune to petrification.


Message History

You sock the kobold!
You kill the kobold!
You have reached level 2!
You now have 35 gold pieces (gained 10).
Items here: )) †††.
You start resting.
HP restored.
Items here: ( )) ÷.
A gnoll comes into view. It is wielding a +0 spear.
The gnoll shouts!
A rat comes into view.
You block the gnoll's attack.
You barely miss the gnoll. The gnoll hits you but does no damage.
The gnoll hits you but does no damage.
You hit the rat.
You kill the rat!
The gnoll hits you from afar with a +0 spear.
The gnoll hits you but does no damage. The gnoll hits you with a +0 spear.
You see here a rat corpse.
You barely miss the gnoll. You block the gnoll's attack.
You closely miss the gnoll. The gnoll hits you with a +0 spear.
You block the gnoll's attack.
You barely miss the gnoll. You block the gnoll's attack.
Your shield prevents you from hitting the gnoll.
The gnoll barely misses you. The gnoll hits you with a +0 spear!
You hit the gnoll but do no damage. You block the gnoll's attack.
You closely miss the gnoll. You block the gnoll's attack.
The gnoll hits you but does no damage.
You sock the gnoll!
The gnoll is severely wounded.
The gnoll hits you with a +0 spear.
* * * LOW HITPOINT WARNING * * *
Press: ? - help, v - describe, . - travel
Here: a gnoll, wielding a +0 spear (severely wounded)
The floor.
You barely miss the gnoll.
The gnoll is severely wounded.
The gnoll hits you with a +0 spear.
You die...

#.....).# #.
##.# ####..###
## .. ##..#
#.)# ...
####...#
#..### #...
+.......
#....# .....
####...#
#....###
##..... ##...
###....#
......# ##.#
#.##.###.....#
#.##
#.##...@g# #.#
#........####
#.##
#.##.###.#
##.# #.# ...
##. #. #..##
#.##### #.
...# #......
###.# #######
#.#


You could see a gnoll.

Vanquished Creatures
  An endoplasm (D:1)
  A quokka (D:1)
  A bat (D:1)
  4 kobolds (D:1)
  2 rats (D:1)
9 creatures vanquished.

Notes
Turn   | Place    | Note
-------+----------+-------------------------------------------
     0 | D:1      | CuBeRJAN3 the Gargoyle Fighter began the quest for the Orb.
     0 | D:1      | Reached XP level 1. HP: 14/14 MP: 1/1
   421 | D:1      | Reached XP level 2. HP: 15/19 MP: 2/2
   511 | D:1      | Slain by a gnoll

Illustrated notes

Levels and vault maps discovered:
D:1:      lightli_arrival_boilingwater, layout_loops_corners,
          hellmonk_ecumenical_altar_leap_of_faith, minmay_quantized

Action                   || total
-------------------------++-------
Melee: Flail             ||    30
Armor: Chain mail        ||     9
Dodge: Dodged            ||     6
Block: Kite shield       ||    11
